 Dungeon Crawl Stone Soup version 0.18.1-48-g4cf74bf (webtiles) character file.

336 Heedrag the Thaumaturge (level 6, -4/32 HPs)
             Began as a Deep Elf Conjurer on July 26, 2016.
             Slain by a slave (8 damage)
             ... led by Pikel
             ... on level 5 of the Dungeon.
             The game lasted 00:11:59 (3854 turns).

Heedrag the Thaumaturge (Deep Elf Conjurer)         Turns: 3854, Time: 00:12:00

Health: -4/32      AC:  2    Str:  7    XL:     6   Next: 28%
Magic:  1/20       EV: 18    Int: 20    God:
Gold:   214        SH:  0    Dex: 15    Spells: 3 memorised, 15 levels left

rFire  . . .     SeeInvis +     g - -3 trident (curse)
rCold  . . .     Gourm    .     a - +0 robe
rNeg   . . .     Faith    .     (no shield)
rPois  .         Spirit   .     (no helmet)
rElec  .         Dismiss  .     (no cloak)
rCorr  .         Reflect  .     (no gloves)
SustAt .         Harm     .     (no boots)
MR     .....                    (no amulet)
Stlth  ++........               m - +5 ring of evasion
                                j - ring of see invisible

@: very slightly contaminated, not resistant to hostile enchantments, unstealthy
A: no striking features
a: no special abilities


You were on level 5 of the Dungeon.
You were very hungry.

You visited 1 branch of the dungeon, and saw 5 of its levels.

You collected 214 gold pieces.

Inventory:

Hand Weapons
 e - a +0 dagger
 g - a cursed -3 trident (weapon)
 v - a +0 flail of protection
Armour
 a - a +0 robe (worn)
Jewellery
 j - a ring of see invisible (left hand)
 m - a +5 ring of evasion (right hand)
 t - a +5 ring of strength
Scrolls
 d - a scroll of magic mapping {unknown}
 h - 2 scrolls of fog {unknown}
 i - 2 scrolls of recharging {unknown}
 k - 2 scrolls of identify {unknown}
 n - a scroll of fear {unknown}
 r - a scroll of enchant weapon {unknown}
 s - a scroll of remove curse {unknown}
 u - a scroll of teleportation {unknown}
 w - a scroll of noise {unknown}
Potions
 o - 3 potions of curing {unknown}
 p - a potion of lignification {unknown}
 q - a potion of cancellation {unknown}
Books
 b - a book of Conjurations

   Spells                             Type                      Level
   a - Magic Dart                     Conjuration                  1
   b - Searing Ray                    Conjuration                  2
   c - Dazzling Spray                 Conjuration/Hexes            3
   d - Fulminant Prism                Conjuration/Hexes            4
   e - Iskenderun's Mystic Blast      Conjuration                  4
   f - Iskenderun's Battlesphere      Conjuration/Charms           5
Comestibles
 c - 4 bread rations
 f - 5 fruits
 l - 2 meat rations


   Skills:
 - Level 2.4 Dodging
 - Level 2.4 Stealth
 * Level 9.0 Spellcasting
 - Level 4.3 Conjurations


You had 15 spell levels left.
You knew the following spells:

 Your Spells              Type           Power        Failure   Level  Hunger
a - Magic Dart            Conj           ####         1%          1    None
b - Dazzling Spray        Conj/Hex       ###...       12%         3    None
c - Iskenderun's Mystic   Conj           ####....     14%         4    ###....


Dungeon Overview and Level Annotations

Branches:
Dungeon (5/15)
 Temple: D:4-7

Altars:
Kikubaaqudgha
Sif Muna
Xom
The Shining One

Shops:
D:4 [

Annotations:
D:3 TBriggs11TB's ghost, amateur FoFi
D:4 Edmund; Pikel


Message History

Aim: a slave, wearin' an animal skin (heavily wounded) Tha orb o' energy hits tha slave.
Tha slave be almost dead.
Tha slave hits ye.
Castin': Iskenderun's Mestic Blast Confirm wit' . or Enter, or press ? or * ta list all spells.
Ye dinnae haf enough magic ta cast tha spell.
Unknown command.
Ye barely miss tha slave.
Tha slave be almost dead.
Tha slave misses ye.
Ye hit tha slave.
Tha slave be almost dead.
Tha slave hits ye!
* * * LOW HITPOINT WARNIN'
* * * Ye closely miss tha slave.
Tha slave be almost dead.
Tha slave completely misses ye.
Tha slave hits ye!
Ye die...

#########
........#
........###
.......@p.#
........#.......
........###...##
........# #...
.(....%.# ##
.........
######... ..##


You could see a slave.

Vanquished Creatures
  Menkaure (D:4)
  An orc priest (D:3)
  A gnoll (D:2)
  6 adders
  An ooze (D:2)
  2 worms (D:3)
  2 dart slugs (D:1)
  2 giant geckos
  16 orcs
  2 bat zombies (D:2)
  3 giant cockroaches
  6 goblins
  6 hobgoblins
  2 jackals (D:3)
  4 quokkas
  A ball python (D:3)
  20 bats
  6 giant newts
  6 kobolds
  6 rats
94 creatures vanquished.

Notes
Turn   | Place    | Note
--------------------------------------------------------------
     0 | D:1      | Heedrag the Deep Elf Conjurer began the quest for the Orb.
     0 | D:1      | Reached XP level 1. HP: 10/10 MP: 6/6
   193 | D:1      | Reached XP level 2. HP: 15/15 MP: 5/8
   224 | D:1      | Reached skill level 4 in Spellcasting
   816 | D:2      | Reached XP level 3. HP: 19/19 MP: 3/11
   821 | D:2      | Learned a level 3 spell: Dazzling Spray
   898 | D:2      | Found an ancient bone altar of Kikubaaqudgha.
  1043 | D:2      | Reached skill level 5 in Spellcasting
  1465 | D:2      | Reached XP level 4. HP: 24/24 MP: 9/13
  1564 | D:2      | Reached skill level 6 in Spellcasting
  1579 | D:2      | Found a shimmering altar of Xom.
  1880 | D:2      | Learned a level 4 spell: Iskenderun's Mystic Blast
  2125 | D:3      | Found a glowing golden altar of the Shining One.
  2343 | D:3      | Noticed TBriggs11TB's ghost (amateur FoFi)
  2390 | D:2      | Reached skill level 7 in Spellcasting
  2582 | D:3      | Reached XP level 5. HP: 28/28 MP: 6/16
  3034 | D:4      | Noticed a slave
  3038 | D:4      | Noticed a slave
  3091 | D:4      | Found Monym's Armour Shop.
  3091 | D:4      | Noticed Pikel
  3091 | D:4      | Noticed a slave
  3091 | D:4      | Noticed a slave
  3514 | D:4      | Reached skill level 8 in Spellcasting
  3518 | D:4      | Noticed Menkaure
  3679 | D:4      | Found a deep blue altar of Sif Muna.
  3724 | D:4      | Noticed Edmund
  3756 | D:4      | Killed Menkaure
  3756 | D:4      | Reached skill level 9 in Spellcasting
  3756 | D:4      | Reached XP level 6. HP: 16/32 MP: 2/20
  3844 | D:5      | Entered Level 5 of the Dungeon
  3854 | D:5      | Slain by a slave

Skill      XL: |  1  2  3  4  5 |
---------------+----------------+-----
Spellcasting   | 4 5 7 9 |  9.0
Dodging        | |  2.4
Stealth        | |  2.4
Conjurations   | |  4.3

Action                   |  1- 3 |  4- 6 || total
-------------------------+-------+-------++-------
Melee: Dagger            |       |     6 ||     6
       Trident           |       |     3 ||     3
 Cast: Magic Dart        |    78 |   169 ||   247
       Dazzling Spray    |       |     4 ||     4
       Iskenderun's Myst |       |    11 ||    11
  Eat: Chunk             |     1 |     5 ||     6
       Beef jerky        |       |     1 ||     1
       Fruit             |       |     1 ||     1
Armor: Robe              |     1 |     3 ||     4
Dodge: Dodged            |    13 |    57 ||    70
